 Dungeon Crawl Stone Soup version 0.18.1-48-g4cf74bf (webtiles) character file.

40 Joat the Skirmisher (level 3, 29/29 HPs)
             Began as a Formicid Abyssal Knight on Aug 10, 2016.
             Was a Believer of Lugonu.
             Starved to death
             ... on level 9 of the Dungeon.
             The game lasted 00:16:02 (1688 turns).

Joat the Skirmisher (Formicid Abyssal Knight)       Turns: 1688, Time: 00:16:03

Health: 29/29      AC:  3    Str: 16    XL:     3   Next: 72%
Magic:  4/4        EV: 11    Int: 11    God:    Lugonu [**....]
Gold:   40         SH:  0    Dex: 11    Spells: 0 memorised, 2 levels left

rFire  . . .     SeeInvis +     a - +1 spear
rCold  . . .     Gourm    .     b - +0 leather armour
rNeg   . . .     Faith    .     (no shield)
rPois  .         Spirit   .     (helmet unavailable)
rElec  .         Dismiss  .     (no cloak)
rCorr  .         Reflect  .     (no gloves)
SustAt .         Harm     .     (no boots)
MR     .....                    (no amulet)
Stlth  +.........               (no ring)
                                (no ring)

@: fainting, not resistant to hostile enchantments, very unstealthy
A: permanent stasis, dig shafts and tunnels, four strong arms, antennae 3
a: Dig, Shaft Self, Depart the Abyss, Bend Space, Renounce Religion


You were on level 9 of the Dungeon.
You worshipped Lugonu.
Lugonu was pleased with you.
You were fainting.

You visited 1 branch of the dungeon, and saw 7 of its levels.
You visited the Abyss 1 time.

You collected 40 gold pieces.

Inventory:

Hand Weapons
 a - a +1 spear (weapon)
Missiles
 i - 3 javelins (quivered)
Armour
 b - a +0 leather armour (worn)
Scrolls
 e - a scroll of teleportation {unknown}
 j - a scroll of random uselessness {unknown}
Potions
 g - a potion of curing {unknown}
Miscellaneous
 h - a plain deck of defence {drawn: 2}


   Skills:
 - Level 3.6 Fighting
 + Level 3.2 Polearms
 - Level 2.5 Armour
 - Level 0.8 Dodging
 - Level 2.1 Invocations


You had 2 spell levels left.
You didn't know any spells.

Dungeon Overview and Level Annotations

Branches:
Dungeon (7/15)
 Temple: D:4-7

Altars:
Nemelex Xobeh


Innate Abilities, Weirdness & Mutations

You are under a permanent stasis effect.
You can dig through walls and to a lower floor.
Your four strong arms can wield two-handed weapons with a shield.
You have a pair of large antennae on your head (SInv).


Message History

You dig through the rock wall.
You dig through the rock wall.
You dig through the rock wall.
You dig through the rock wall.
You dig through the rock wall.
You dig through the rock wall.
You dig through the rock wall.
You dig through the rock wall.
You dig through the rock wall.
You are starving!
You're too hungry.
You aren't carrying any food.
You need to eat something NOW!
You are fainting from starvation!
You lose consciousness!
You can move again.
You lose consciousness!
You can move again.
You have starved to death.
You die...

#.................
#.################
#.# #.# #.# ## #.#
... #.# #.. #.#
#..###@# ...#.#
#.#.#######
#..........
#..........
####..........
#..#...#######
#......# ....###.#


There were no monsters in sight!

Vanquished Creatures
  An adder (D:2)
  A giant gecko (D:2)
  A ball python (D:1)
  4 bats
  A giant cockroach (D:1)
  6 goblins
  6 hobgoblins (D:1)
  A quokka (D:2)
  6 rats
27 creatures vanquished.

Notes
Turn   | Place    | Note
--------------------------------------------------------------
     0 | Abyss:1  | Joat the Formicid Abyssal Knight began the quest for the Orb.
     0 | Abyss:1  | Reached XP level 1. HP: 18/18 MP: 2/2
    29 | D:1      | Escaped the Abyss
   116 | D:1      | Reached XP level 2. HP: 15/24 MP: 3/3
   273 | D:1      | Found a sparkling altar of Nemelex Xobeh.
   440 | D:1      | Reached XP level 3. HP: 28/29 MP: 4/4
   473 | D:1      | Reached ** piety under Lugonu
  1078 | D:2      | You fall through a shaft!
  1081 | D:3      | You fall through a shaft!
  1090 | D:4      | You fall through a shaft for 2 floors!
  1093 | D:6      | You fall through a shaft!
  1102 | D:7      | You fall through a shaft for 2 floors!
  1581 | D:9      | Paralysed by fainting for 11 turns
  1666 | D:9      | Paralysed by fainting for 6 turns
  1688 | D:9      | Starved to death

Skill      XL: |  1  2  3 |
---------------+----------+-----
Polearms       | 3 |  3.2
Fighting       | |  3.6
Armour         | |  2.5
Dodging        | |  0.8
Invocations    | |  2.1

Action                   || total
-------------------------++-------
Melee: Spear             ||   114
Invok: Bend Space        ||     1
 Abil: Dig               ||    38
       Shaft Self        ||     5
Evoke: Deck              ||     2
  Eat: Chunk             ||     8
       Bread ration      ||     2
       Meat ration       ||     1
       Beef jerky        ||     1
Armor: Leather armour    ||    20
Dodge: Dodged            ||    66
